AoeStats
← MatzeAoE

MegaRandom

505102177Analyzed
2v2 RM · 24d ago on Sep 7, 2026· 34m 9s· 4 players
Game mode
Random Map
Map size
Medium (4 player)
Population
200
Speed
Normal
Resources
Standard
Victory
Conquest
Starting age
Dark Age
Ending age
Imperial Age
RankedLock teamsTeams togetherTeam positionsShared explorationLock speedFull tech treeHidden civsTurbo modeCheats
Victory
Defeat
🇳🇱 Mongols · Netherlands
1588
+11
🇫🇷 Italians · France
1564
+12
🇩🇪 Mongols · Germany
1539
-14
🇩🇪 Britons · Germany
1404
-9
vaeVictis
11:29 Loom
13:14 Feudal Age
14:18 Double-Bit Axe
16:26 Fishing Lines
19:36 Castle Age
17:44 Gold Mining
18:18 Fletching
20:18 Bodkin Arrow
20:34 Bow Saw
19:47 Crossbowman
22:20 Padded Archer Armor
23:19 Ballistics
31:27 Imperial Age
30:04 Wheelbarrow
30:29 Masonry
33:37 Chemistry
Holy Heroin
10:47 Feudal Age
14:32 Castle Age
13:06 Double-Bit Axe
13:35 Fishing Lines
17:00 Medium Warships
16:43 Loom
20:23 Fletching
21:06 Bodkin Arrow
33:21 Imperial Age
31:58 Bloodlines
31:48 Husbandry
32:41 Gold Mining
33:03 Bow Saw
32:35 Horse Collar
34:01 Ballistics
Red_Iffun
7:08 Loom
11:15 Feudal Age
12:01 Double-Bit Axe
17:21 Castle Age
15:59 Horse Collar
16:13 Gold Mining
18:42 Bow Saw
19:59 Heavy Plow
22:51 Town Watch
23:06 Crossbowman
23:45 Fletching
26:39 Padded Archer Armor
27:38 Gold Shaft Mining
30:02 Bodkin Arrow
33:10 Scale Barding Armor
MatzeAoE
10:26 Feudal Age
10:35 Man-at-Arms
11:03 Double-Bit Axe
11:48 Horse Collar
14:19 Wheelbarrow
14:25 Town Watch
15:01 Loom
15:05 Town Watch
19:47 Castle Age
20:57 Bow Saw
20:58 Heavy Plow
33:21 Imperial Age
31:39 Town Patrol
Connection lost

Rejoining the realm…

Still unreachable

The connection could not be restored.

Session expired

The server has moved on; the page needs a fresh start.